Map: Clair de lune fanatique EC (Void)

Players

lIIlllllIIll - Winner!

  • Race: Terran Terran
  • League: Silver

Jonnny

  • Race: Zerg Zerg
  • League: Silver

VOD

Have the link to the VOD?

Description

Time

  • Played on: Oct. 26, 2015, 11:17 a.m.
  • Length: 8:49
Show
View Real Time Build Order
Export as new Build Order

lIIlllllIIll Terran - Winner!

Build Orders: Command Center First (CC) 

Get SALT Encoding   

  12  0:01  SCV  
  13  0:13  SCV  
  14  0:21  Supply Depot  
  14  0:25  SCV  
  15  0:43  SCV  
  16  0:55  SCV  
  17  1:02  Command Center  
  17  1:07  SCV  
  17  1:10  Refinery  
  18  1:19  SCV  
  18  1:23  Barracks  
  19  1:31  SCV  
  20  1:43  SCV  
  21  1:51  Refinery  
  21  1:55  SCV  
  22  2:07  SCV  
  23  2:14  Factory  
  23  2:15  Orbital Command  
  23  2:18  Refinery  
  23  2:20  Orbital Command  
  23  2:41  Supply Depot  
  23  2:44  SCV  
  24  2:46  SCV  
  25  2:56  SCV  
  25  2:57  Armory  
  26  3:02  Factory  
  26  3:03  Factory Tech Lab  
  26  3:05  Barracks Reactor  
  26  3:08  SCV x2  
  28  3:20  SCV  
  28  3:21  SCV  
  28  3:22  Supply Depot  
  30  3:33  SCV x2  
  32  3:36  Factory Tech Lab, Supply Depot  
  32  3:43  Marine x2  
  32  3:45  SCV x2  
  36  3:51  Terran Vehicle And Ship Armor Level 1  
  36  3:53  Thor  
  42  3:57  SCV  
  42  3:58  SCV  
  44  4:09  Thor  
  50  4:12  SCV  
  50  4:13  SCV  
  50  4:16  Marine x2  
  54  4:24  SCV  
  54  4:25  Supply Depot  
  54  4:27  Supply Depot  
  54  4:29  SCV  
  57  4:41  Thor  
  62  4:46  SCV x2  
  62  4:48  Marine x2  
  66  4:57  Thor  
  66  4:58  SCV  
  66  4:59  SCV  
  74  5:10  SCV, Marine x2  
  77  5:19  Command Center  
  77  5:20  Refinery  
  78  5:21  SCV  
  78  5:25  Supply Depot  
  78  5:26  Supply Depot  
  78  5:29  Supply Depot  
  78  5:46  Thor, SCV  
  83  5:59  SCV x2  
  85  6:04  Thor  
  85  6:05  Marine x2  
  93  6:23  Marine x2  
  95  6:29  SCV  
  95  6:30  SCV  
  97  6:41  Marine x2  
  99  6:56  Thor x2  
  99  6:58  Marine  
  99  6:59  Marine  
  113  7:07  SCV x2  
  115  7:20  Supply Depot, SCV  
  115  7:21  SCV  
  117  7:24  Marine x2  
  119  7:33  SCV x2  
  121  7:39  Siege Tank  
  121  7:42  Marine  
  120  8:06  Marine x2  
  134  8:23  Marine  
  134  8:24  Marine  
Show
View Real Time Build Order
Export as new Build Order

Jonnny Zerg 

Build Orders: Hatch First 

Get SALT Encoding   

  12  0:04  Drone  
  13  0:15  Overlord  
  13  0:17  Drone  
  14  0:33  Drone x2  
  16  0:51  Hatchery  
  16  0:53  Drone  
  16  0:56  Drone  
  17  1:01  Extractor  
  17  1:02  Drone  
  17  1:17  Spawning Pool  
  16  1:21  Drone  
  17  1:27  Drone  
  17  1:31  Drone  
  19  1:42  Drone  
  20  1:56  Drone  
  21  2:05  Queen x2  
  21  2:06  Overlord  
  21  2:08  Zergling x2  
  26  2:13  Metabolic Boost  
  26  2:17  Drone  
  26  2:19  Drone  
  28  2:40  Drone x3  
  28  2:41  Drone  
  32  2:46  Drone  
  32  2:47  Drone  
  34  2:53  Roach Warren  
  33  3:01  Evolution Chamber  
  32  3:10  Drone x4  
  32  3:11  Spine Crawler  
  35  3:28  Zergling x2  
  36  3:45  Overlord x4  
  36  3:46  Overlord  
  36  3:50  Lair  
  36  4:00  Hatchery  
  35  4:09  Spore Crawler, Roach  
  36  4:24  Zergling x4  
  36  4:25  Zergling x8  
  42  4:34  Drone x3  
  42  4:35  Extractor  
  42  4:36  Drone x2  
  46  4:39  Drone x2, Extractor  
  46  4:43  Queen  
  49  5:05  Drone x5  
  49  5:06  Drone x2  
  56  5:11  Drone  
  56  5:12  Drone x2  
  56  5:13  Zerg Missile Weapons Level 1  
  59  5:27  Queen  
  61  5:42  Drone x2  
  63  5:43  Drone x5  
  68  5:53  Roach x2  
  68  5:54  Roach x5  
  76  6:17  Hydralisk Den  
  75  6:23  Extractor  
  74  6:31  Drone x3, Spine Crawler  
  74  6:32  Drone  
  77  6:34  Spine Crawler  
  77  6:35  Extractor  
  75  6:50  Extractor  
  75  6:52  Roach  
  75  6:54  Overlord x6  
  76  6:55  Overlord  
  76  7:19  Hydralisk x10  
  76  7:20  Hydralisk x2  
  100  7:37  Queen  
  100  7:41  Hatchery  
  85  8:04  Hydralisk  
  85  8:05  Hydralisk x8  
  60  8:06  Hydralisk x2  
Tags
 
Add a new tag
Caveats
  • Supply blocks, unpowered buildings, or Contaminate may cause inaccurate times.
  • Supply counts are checked every 10 seconds.